[Event "ICC Open 2015"]
[Site "Internet Chess Club"]
[Date "2015.05.30"]
[Round "5"]
[White "fallingstar100"]
[Black "smoothg"]
[Result "0-1"]
[ICCResult "White resigns"]
[WhiteElo "1498"]
[BlackElo "1864"]
[Opening "Robatsch (modern) defense"]
[ECO "B06"]
[NIC "KF.06"]
[Time "19:41:55"]
[TimeControl "180+0"]

1. e4 g6 2. d3 Bg7 3. Nc3 c5 4. Nf3 Nc6 5. Be3 d6 6. Qd2 Nf6 7. h3 O-O 8.
Bh6 Be6 9. Bxg7 Kxg7 10. Ng5 Bd7 11. f4 h6 12. Nf3 Qa5 13. O-O-O b5 14. a3
b4 15. Nb1 Qb6 16. e5 Nd5 17. g4 bxa3 18. Nxa3 Na5 19. exd6 exd6 20. d4 Rab8
21. b3 Bc6 22. Nc4 Nxc4 23. Bxc4 Nb4 24. dxc5 dxc5 25. Ne5 Bxh1 26. Nd7 Qc6
27. Qc3+ f6 28. Nxf8 Na2+ {White resigns} 0-1

[Event "ICC Open 2015"]
[Site "Internet Chess Club"]
[Date "2015.05.30"]
[Round "5"]
[White "jonesey"]
[Black "Schack"]
[Result "1-0"]
[ICCResult "Black checkmated"]
[WhiteElo "1912"]
[BlackElo "1638"]
[Opening "Scotch gambit: Dubois-Réti defense"]
[ECO "C55"]
[NIC "KP.02"]
[Time "19:43:06"]
[TimeControl "180+0"]

1. e4 e5 2. Nf3 Nc6 3. Bc4 Nf6 4. d4 exd4 5. e5 d5 6. Bb5 Ne4 7. Nxd4 Bd7 8.
Bxc6 bxc6 9. O-O Bc5 10. f3 Ng5 11. f4 Ne4 12. Be3 Bb6 13. Nd2 Nxd2 14. Qxd2
O-O 15. f5 c5 16. Ne2 d4 17. Bg5 Qc8 18. f6 d3 19. cxd3 c4+ 20. d4 Bg4 21.
fxg7 Re8 22. Qf4 Be6 23. Rf3 Qd7 24. Raf1 Bd5 25. Rh3 Qe6 26. Rxh7 Kxh7 27.
Qh4+ Kxg7 28. Bf6+ Qxf6 29. exf6+ Kg6 30. Qg4+ Kh6 31. Qg7+ Kh5 32. Ng3+ Kh4
33. Rf4# {Black checkmated} 1-0

[Event "ICC Open 2015"]
[Site "Internet Chess Club"]
[Date "2015.05.30"]
[Round "5"]
[White "RobbieWilliams"]
[Black "bennywins"]
[Result "1-0"]
[ICCResult "Black checkmated"]
[WhiteElo "1773"]
[BlackElo "1150"]
[Opening "Queen's pawn game"]
[ECO "D00"]
[NIC "QP.08"]
[Time "19:42:40"]
[TimeControl "180+0"]

1. d4 d5 2. e3 e6 3. Bd3 Bd7 4. Nd2 Bb4 5. c3 Ba5 6. f4 Nf6 7. Ngf3 h6 8.
O-O O-O 9. Ne5 Nc6 10. Qf3 Nxe5 11. fxe5 Nh7 12. e4 Bc6 13. exd5 Bxd5 14.
Qg4 Qg5 15. Qh3 c6 16. Nf3 Bxf3 17. Bxg5 Nxg5 18. Qg3 Bd5 19. h4 Ne4 20. Qf4
Nxc3 21. bxc3 Bxc3 22. Rab1 b5 23. a3 a5 24. h5 b4 25. axb4 axb4 26. Bc2 Ra2
27. Rf2 b3 28. Bxb3 Rxf2 29. Kxf2 Bxb3 30. Rxb3 Ba5 31. Rg3 Rc8 32. Qxh6 Kf8
33. Rxg7 Ke7 34. Qf6+ Kd7 35. Rxf7+ Ke8 36. Qe7# {Black checkmated} 1-0

[Event "ICC Open 2015"]
[Site "Internet Chess Club"]
[Date "2015.05.30"]
[Round "5"]
[White "supermouse"]
[Black "Red-white"]
[Result "0-1"]
[ICCResult "White resigns"]
[WhiteElo "2701"]
[BlackElo "3094"]
[Opening "Réti: King's Indian attack (Barcza system)"]
[ECO "A07"]
[NIC "QP.09"]
[Time "19:42:49"]
[TimeControl "180+0"]

1. Nf3 d5 2. g3 c6 3. Bg2 Bf5 4. O-O e6 5. d3 Nf6 6. Nh4 Bg4 7. h3 Bh5 8.
Nd2 Nbd7 9. c4 Bd6 10. Re1 O-O 11. g4 Ne8 12. Ndf3 Be7 13. gxh5 Bxh4 14. e4
Bf6 15. e5 Be7 16. cxd5 exd5 17. h6 g6 18. e6 fxe6 19. Rxe6 Nc7 20. Re1 Bd6
21. Bg5 Nf6 22. Qd2 Qd7 23. Qc3 Nh5 24. Re7 Bxe7 25. Ne5 Qd6 26. Bxe7 Qxe7
27. Re1 Rae8 28. Nf3 Qf6 {White resigns} 0-1

[Event "ICC Open 2015"]
[Site "Internet Chess Club"]
[Date "2015.05.30"]
[Round "5"]
[White "Asmodeus"]
[Black "MichaelBluth"]
[Result "0-1"]
[ICCResult "White checkmated"]
[WhiteElo "1913"]
[BlackElo "2346"]
[Opening "Scandinavian (center counter) defense"]
[ECO "B01"]
[NIC "VO.17"]
[Time "19:41:53"]
[TimeControl "180+0"]

1. e4 d5 2. d3 e5 3. Nf3 Nc6 4. Be2 Nf6 5. O-O h6 6. c3 Be6 7. Qc2 Qd7 8. b4
a6 9. a4 d4 10. Bb2 Be7 11. b5 Na5 12. Nbd2 axb5 13. axb5 Qxb5 14. c4 Qb6
15. Nxe5 O-O 16. Rfb1 Qd6 17. Nef3 Nc6 18. Nb3 Rxa1 19. Rxa1 Nb4 20. Qd2 Nh5
21. Nfxd4 c5 22. Nxe6 Qxe6 23. Bxh5 Rd8 24. Be2 Bg5 25. Qc3 Bf6 26. Qd2 Bg5
27. f4 Be7 28. Qe3 b6 29. d4 Nc2 30. Qc3 Nxa1 31. Bxa1 cxd4 32. Nxd4 Rxd4
33. Qxd4 Bc5 34. f5 Bxd4+ 35. Bxd4 Qxe4 36. Bxb6 Qxe2 37. c5 Qe1#
{White checkmated}
0-1

[Event "ICC Open 2015"]
[Site "Internet Chess Club"]
[Date "2015.05.30"]
[Round "5"]
[White "brizito"]
[Black "nowornever"]
[Result "1-0"]
[ICCResult "Black checkmated"]
[WhiteElo "1715"]
[BlackElo "1984"]
[Opening "French defense"]
[ECO "C01"]
[NIC "QO.17"]
[Time "19:41:47"]
[TimeControl "180+0"]

1. d4 e6 2. e4 b6 3. Nf3 Bb7 4. Nc3 Bb4 5. Bd3 Nf6 6. O-O Bxc3 7. bxc3 Nxe4
8. c4 O-O 9. Qe2 f5 10. Nd2 Nf6 11. Re1 Qe8 12. Ba3 Rf7 13. d5 Na6 14. dxe6
dxe6 15. Qxe6 Qa4 16. Bb2 Nc5 17. Qe5 Re8 18. Qg3 Nce4 19. Qf4 Nh5 20. Qh4
g6 21. Nb3 Qc6 22. f3 Nef6 23. Rxe8+ Qxe8 24. Re1 Re7 25. Rd1 Qc6 26. c5
bxc5 27. Bc4+ Kg7 28. Rd8 Rd7 29. Rg8+ Kh6 30. Bc1+ f4 31. Bxf4+ g5 32.
Bxg5# {Black checkmated} 1-0

[Event "ICC Open 2015"]
[Site "Internet Chess Club"]
[Date "2015.05.30"]
[Round "5"]
[White "Sebs"]
[Black "saya"]
[Result "1-0"]
[ICCResult "Black resigns"]
[WhiteElo "2971"]
[BlackElo "2574"]
[Opening "QGD: exchange, positional line, 5...c6"]
[ECO "D35"]
[NIC "QO.16"]
[Time "19:42:25"]
[TimeControl "180+0"]

1. d4 d5 2. c4 e6 3. Nc3 Nf6 4. cxd5 exd5 5. Bg5 c6 6. e3 Be7 7. Bd3 Nbd7 8.
Nge2 Nh5 9. Bxe7 Qxe7 10. O-O Nb6 11. a4 a5 12. Qb3 Nd7 13. Qc2 Nhf6 14. Ng3
g6 15. Rfe1 O-O 16. h3 Re8 17. e4 dxe4 18. Ncxe4 Nxe4 19. Nxe4 Qf8 20. Bc4
Kg7 21. Ng5 Rxe1+ 22. Rxe1 Nb6 23. Bxf7 Qd8 24. Qd2 h6 25. Ne6+ Bxe6 26.
Bxe6 Qf6 27. Bb3 Rd8 28. Re4 c5 29. Re6 Rxd4 30. Qe2 Qd8 31. Re7+ Kf8 32.
Rf7+ Kg8 33. Rd7+ c4 34. Rxd8+ {Black resigns} 1-0

[Event "ICC Open 2015"]
[Site "Internet Chess Club"]
[Date "2015.05.30"]
[Round "5"]
[White "BlackHorse96"]
[Black "kava"]
[Result "1-0"]
[ICCResult "Black resigns"]
[WhiteElo "3266"]
[BlackElo "2915"]
[Opening "Queen's pawn game"]
[ECO "D00"]
[NIC "QP.07"]
[Time "19:42:26"]
[TimeControl "180+0"]

1. d4 Nf6 2. Nc3 d5 3. Bf4 Bf5 4. f3 c6 5. g4 Bg6 6. h4 h6 7. h5 Bh7 8. e3
Qb6 9. Qd2 e6 10. Bd3 Bxd3 11. Qxd3 Nbd7 12. O-O-O c5 13. Qb5 a6 14. Qxb6
Nxb6 15. Nge2 Rc8 16. Kb1 cxd4 17. Nxd4 Bb4 18. Nde2 Nc4 19. e4 e5 20. g5
hxg5 21. Bxg5 Bxc3 22. Nxc3 d4 23. Bxf6 gxf6 24. Nd5 Rc6 25. f4 Ne3 26. Nxe3
dxe3 27. f5 Rc4 28. Rh4 Ke7 29. b3 Rc3 30. Re1 Rd8 31. Kb2 Rcc8 32. Rxe3
{Black resigns}
1-0

[Event "ICC Open 2015"]
[Site "Internet Chess Club"]
[Date "2015.05.30"]
[Round "5"]
[White "NAS"]
[Black "Chaos23"]
[Result "1-0"]
[ICCResult "Black checkmated"]
[WhiteElo "1723"]
[BlackElo "2032"]
[Opening "Ruy Lopez: exchange variation"]
[ECO "C68"]
[NIC "RL.08"]
[Time "19:42:01"]
[TimeControl "180+0"]

1. e4 e5 2. Nf3 Nc6 3. Bb5 a6 4. Bxc6 dxc6 5. d3 Qd6 6. Nc3 c5 7. Qe2 Bg4 8.
Bd2 O-O-O 9. O-O-O Nf6 10. Bg5 Be7 11. h3 Bh5 12. g4 Bg6 13. Nh4 b5 14. Nxg6
hxg6 15. Bxf6 gxf6 16. Nd5 c6 17. Nc3 Qe6 18. Kb1 f5 19. gxf5 gxf5 20. exf5
Qxf5 21. Qe3 Rh4 22. Ne4 c4 23. Qa7 Bd6 24. Qxa6+ Kd7 25. Nxd6 Kxd6 26.
dxc4+ Rd4 27. cxb5 Qxf2 28. Qxc6+ Ke7 29. Qc5+ Ke8 30. Qxe5+ Kf8 31. Qh8+
Ke7 32. Rhe1+ Qxe1 33. Rxe1+ Kd7 34. Qxd4+ Kc7 35. Qc5+ Kb8 36. Qb6+ Kc8 37.
a3 f5 38. Re7 f4 39. Qc7# {Black checkmated} 1-0

[Event "ICC Open 2015"]
[Site "Internet Chess Club"]
[Date "2015.05.30"]
[Round "5"]
[White "iragefree"]
[Black "Tyrel"]
[Result "1/2-1/2"]
[ICCResult "Game drawn by repetition"]
[WhiteElo "1867"]
[BlackElo "2113"]
[Opening "Old Indian: main line"]
[ECO "A55"]
[NIC "OI.01"]
[Time "19:42:18"]
[TimeControl "180+0"]

1. d4 d6 2. c4 Nf6 3. Nf3 Nbd7 4. Nc3 e5 5. e4 Be7 6. Be2 O-O 7. Qc2 c6 8.
O-O Re8 9. Rd1 Qc7 10. d5 c5 11. a3 Nf8 12. b4 b6 13. Ne1 Ng6 14. f3 Nf4 15.
Bf1 h6 16. Be3 Nh7 17. Rdb1 Bg5 18. Bf2 Qe7 19. Rb2 Qf6 20. Nd3 Qg6 21. Nxf4
exf4 22. Rab1 Bf6 23. bxc5 bxc5 24. Rb3 Ng5 25. Kh1 Qh5 26. Nb5 Rb8 27. Nxd6
Rxb3 28. Nxe8 Rxb1 29. Nxf6+ gxf6 30. Qxb1 Nxf3 31. gxf3 Qxf3+ 32. Kg1 Qg4+
33. Kh1 Qf3+ 34. Kg1 Qg4+ 35. Kh1 Qf3+ 36. Kg1 {Game drawn by repetition}
1/2-1/2

[Event "ICC Open 2015"]
[Site "Internet Chess Club"]
[Date "2015.05.30"]
[Round "5"]
[White "chessrex"]
[Black "AntiKiller"]
[Result "1-0"]
[ICCResult "Black checkmated"]
[WhiteElo "2143"]
[BlackElo "2789"]
[Opening "Blackmar gambit"]
[ECO "D00"]
[NIC "QP.08"]
[Time "19:42:17"]
[TimeControl "180+0"]

1. d4 d5 2. e4 dxe4 3. Nc3 Nf6 4. f3 e3 5. Bxe3 Bf5 6. g4 Bg6 7. Nge2 e6 8.
h4 h6 9. Nf4 Bh7 10. g5 hxg5 11. hxg5 Bxc2 12. Qxc2 Rxh1 13. gxf6 Qxf6 14.
O-O-O c6 15. d5 exd5 16. Ncxd5 Qe5 17. Bd4 Qd6 18. Re1+ Kd8 19. Be5 Qc5 20.
Nc7 Rxf1 21. Rxf1 Kc8 22. Qxc5 Bxc5 23. Nxa8 Na6 24. Kd2 f6 25. Ne6 fxe5 26.
Nxc5 Nxc5 27. Rg1 Kb8 28. Rxg7 a6 29. Nc7 Ne6 30. Nxe6 Ka7 31. Nc5 Kb6 32.
b4 Kb5 33. Kc3 b6 34. a4# {Black checkmated} 1-0

[Event "ICC Open 2015"]
[Site "Internet Chess Club"]
[Date "2015.05.30"]
[Round "5"]
[White "druskacik"]
[Black "alric"]
[Result "1-0"]
[ICCResult "Black resigns"]
[WhiteElo "2443"]
[BlackElo "2079"]
[Opening "Sicilian defense"]
[ECO "B40"]
[NIC "SI.43"]
[Time "19:41:59"]
[TimeControl "180+0"]

1. e4 c5 2. Nf3 e6 3. d3 Nf6 4. g3 d5 5. Nbd2 Be7 6. Bg2 Nc6 7. O-O O-O 8.
Qe2 b5 9. a4 b4 10. b3 Ba6 11. Bb2 Rc8 12. exd5 exd5 13. Ne5 Re8 14. Nxc6
Rxc6 15. Rfe1 Re6 16. Qf1 h5 17. Rxe6 fxe6 18. Re1 Qd7 19. Bh3 Bd6 20. Qe2
Bc8 21. Bxf6 gxf6 22. Qxh5 Qf7 23. Qxf7+ Kxf7 24. Nf3 Rh8 25. Bg2 e5 26. Nh4
Be6 27. Bf3 Rc8 28. Bh5+ Kg7 29. f4 c4 30. fxe5 Bxe5 31. Nf3 cxb3 32. cxb3
Rc3 33. d4 Rxf3 34. Bxf3 Bxd4+ 35. Kg2 Kf7 36. Bh5+ {Black resigns} 1-0

[Event "ICC Open 2015"]
[Site "Internet Chess Club"]
[Date "2015.05.30"]
[Round "5"]
[White "TheLoneKing1"]
[Black "VoltesV"]
[Result "1-0"]
[ICCResult "Black checkmated"]
[WhiteElo "1892"]
[BlackElo "1559"]
[Opening "Pirc: classical (two knights) system"]
[ECO "B08"]
[NIC "PU.10"]
[Time "19:43:13"]
[TimeControl "180+0"]

1. e4 d6 2. Nf3 Nf6 3. Nc3 g6 4. d4 Bg7 5. Be3 O-O 6. h3 c6 7. Qd2 Re8 8.
Bd3 Nbd7 9. O-O-O Qc7 10. g4 e5 11. g5 Nh5 12. dxe5 Nxe5 13. Nxe5 dxe5 14.
Bc4 b5 15. Bb3 a5 16. a4 b4 17. Ne2 Ba6 18. Ng3 Nf4 19. h4 Rad8 20. Qe1 Ng2
21. Qg1 Nxe3 22. fxe3 Rd6 23. h5 Red8 24. Rxd6 Qxd6 25. hxg6 Qd2+ 26. Kb1
hxg6 27. Ka2 c5 28. Bd5 c4 29. Qf1 Rxd5 30. exd5 b3+ 31. Ka1 bxc2 32. Qc1
Qb4 33. Qxc2 e4 34. Nxe4 Bb7 35. Nc3 Bxc3 36. Qxc3 Qxa4+ 37. Kb1 Bxd5 38.
Rh8# {Black checkmated} 1-0

[Event "ICC Open 2015"]
[Site "Internet Chess Club"]
[Date "2015.05.30"]
[Round "5"]
[White "TheLlamaLord"]
[Black "Champion"]
[Result "1-0"]
[ICCResult "Black resigns"]
[WhiteElo "1638"]
[BlackElo "1933"]
[Opening "Benoni: 6.e4"]
[ECO "A65"]
[NIC "QP.07"]
[Time "19:42:19"]
[TimeControl "180+0"]

1. d4 Nf6 2. c4 e6 3. Nc3 c5 4. d5 exd5 5. cxd5 d6 6. e4 a6 7. Nf3 Bg4 8.
Be2 Bxf3 9. Bxf3 g6 10. a4 Bg7 11. O-O O-O 12. Re1 Nbd7 13. a5 Qc7 14. Bd2
c4 15. Na4 Ne5 16. Nb6 Rad8 17. Be2 Nfd7 18. Nxc4 Nxc4 19. Rc1 Bxb2 20. Rxc4
Qb8 21. Qc2 Bg7 22. Rc7 Nc5 23. Rxc5 dxc5 24. Qxc5 Be5 25. h3 Bd6 26. Qd4
Be5 27. Qb4 Rd7 28. Rb1 Re8 29. Bxa6 Bd6 30. Qb5 Ree7 31. Qd3 Bc5 32. Bb5
Rd6 33. Qc3 Qa7 34. Bh6 Bxf2+ 35. Kh1 Bd4 36. Qc8+ {Black resigns} 1-0

[Event "ICC Open 2015"]
[Site "Internet Chess Club"]
[Date "2015.05.30"]
[Round "5"]
[White "orak"]
[Black "pierredams"]
[Result "1-0"]
[ICCResult "Black resigns"]
[WhiteElo "1619"]
[BlackElo "1942"]
[Opening "Caro-Kann: advance variation"]
[ECO "B12"]
[NIC "CK.04"]
[Time "19:42:10"]
[TimeControl "180+0"]

1. e4 c6 2. d4 d5 3. e5 Bf5 4. Nc3 e6 5. g4 Bg6 6. Nge2 f6 7. Be3 fxe5 8.
dxe5 Nd7 9. f4 Bb4 10. a3 Ba5 11. b4 Bb6 12. Qd2 Ne7 13. Bg2 c5 14. bxc5
Bxc5 15. Bxc5 Nxc5 16. O-O O-O 17. Rad1 Qa5 18. Nd4 Be4 19. Bxe4 dxe4 20.
Qe3 Qxa3 21. Ndb5 Qb4 22. Nd6 b6 23. Rd4 Qa3 24. Rfd1 Qb2 25. Ndxe4 Qxc2 26.
Nd6 Qg6 27. h3 h5 28. Kh2 hxg4 29. hxg4 Qh6+ 30. Kg2 Nb3 31. Rh1 Qg6 32. Qh3
Qc2+ 33. Kg1 {Black resigns} 1-0

[Event "ICC Open 2015"]
[Site "Internet Chess Club"]
[Date "2015.05.30"]
[Round "5"]
[White "Werewolf"]
[Black "Cave-Man"]
[Result "1-0"]
[ICCResult "Black resigns"]
[WhiteElo "2195"]
[BlackElo "1841"]
[Opening "Sicilian: Kan, Maróczy bind (Réti variation)"]
[ECO "B41"]
[NIC "SI.41"]
[Time "19:41:58"]
[TimeControl "180+0"]

1. e4 c5 2. Nf3 e6 3. d4 cxd4 4. Nxd4 a6 5. c4 Qc7 6. Nc3 Nf6 7. g3 d6 8.
Bg2 Be7 9. O-O O-O 10. b3 Bd7 11. Bb2 Nc6 12. Rc1 Nxd4 13. Qxd4 Rad8 14.
Rfd1 Bc6 15. Nd5 Qd7 16. Nxe7+ Qxe7 17. e5 dxe5 18. Qxe5 Bxg2 19. Kxg2 Rxd1
20. Rxd1 Rd8 21. Rxd8+ Qxd8 22. Qf4 Ne8 23. Qf3 Qc7 24. Bd4 Nd6 25. Be5 b6
26. Bxd6 Qxd6 27. Qa8+ Qf8 28. Qxa6 Qd8 29. Qb7 g6 30. h4 h5 31. a4 Qd4 32.
Qf3 Qc5 33. Qe3 Qb4 34. Kf1 Qa5 35. Ke2 Qa7 36. Kd3 Qd7+ 37. Kc2 Qd6 38. Kc3
f6 39. Qd4 Qc6 40. Qxf6 Kh7 41. Qf7+ Kh6 42. Qf4+ Kg7 43. b4 Qxa4 44. Qc7+
Kh6 45. Qxb6 Qa3+ 46. Kd2 Qb2+ 47. Ke1 Qc1+ 48. Ke2 Qxc4+ 49. Kf3 Qd3+ 50.
Qe3+ {Black resigns} 1-0

[Event "ICC Open 2015"]
[Site "Internet Chess Club"]
[Date "2015.05.30"]
[Round "5"]
[White "Darnoc"]
[Black "Machinegun"]
[Result "1-0"]
[ICCResult "Black forfeits on time"]
[WhiteElo "3009"]
[BlackElo "2445"]
[Opening "QGD: exchange, positional line, 5...c6"]
[ECO "D35"]
[NIC "QO.16"]
[Time "19:41:43"]
[TimeControl "180+0"]

1. d4 d5 2. c4 e6 3. Nc3 Nf6 4. cxd5 exd5 5. Bg5 c6 6. e3 h6 7. Bh4 Be6 8.
Bd3 Bd6 9. Nge2 Nbd7 10. Bg3 Bxg3 11. hxg3 Qe7 12. Qc2 O-O-O 13. O-O-O Kb8
14. Nf4 Bg4 15. Rde1 g5 16. Nh3 Bxh3 17. gxh3 Nf8 18. Kb1 Ne6 19. f3 Nh5 20.
Qf2 Qc7 21. g4 Nf6 22. h4 c5 23. dxc5 Nxc5 24. Bf5 Qe5 25. f4 gxf4 26. exf4
Qd6 27. Qd4 h5 28. g5 Ng4 29. Bxg4 hxg4 30. Nb5 Qb6 31. Qe5+ Kc8 32. Nc3 d4
33. Nd5 Qd6 34. Nf6 Qxe5 35. fxe5 Nd3 36. Re4 Nf2 37. Rh2 Nxe4 38. Nxe4 d3
39. Kc1 Rd4 40. Nd6+ Rxd6 41. exd6 Kd7 42. Kd2 Kxd6 43. Kxd3 g3 44. Rg2 Rxh4
45. Rxg3 Rh2 46. g6 fxg6 47. Rxg6+ Kc5 48. Rg5+ Kb6 49. Kc3 Rh3+ 50. Kc2
Rh2+ 51. Kc3 Rh3+ 52. Kb4 Rh4+ 53. Ka3 Rh3+ 54. b3 a6 55. Rg6+ Ka7 56. Rg4
Rh2 57. Rf4 Rf2 58. Rxf2 {Black forfeits on time} 1-0

[Event "ICC Open 2015"]
[Site "Internet Chess Club"]
[Date "2015.05.30"]
[Round "5"]
[White "MoonlightWizard"]
[Black "Aladdin"]
[Result "1-0"]
[ICCResult "Black checkmated"]
[WhiteElo "2910"]
[BlackElo "2383"]
[Opening "Nimzo-Indian: classical variation"]
[ECO "E32"]
[NIC "NI.20"]
[Time "19:42:14"]
[TimeControl "180+0"]

1. d4 Nf6 2. c4 e6 3. Nc3 Bb4 4. Qc2 O-O 5. a3 Bxc3+ 6. Qxc3 b6 7. Bg5 h6 8.
Bh4 Bb7 9. f3 d5 10. e3 Nbd7 11. cxd5 Nxd5 12. Bxd8 Nxc3 13. Bh4 Nd5 14. Kf2
c5 15. Bb5 N7f6 16. Ne2 cxd4 17. Nxd4 Rac8 18. Rac1 a6 19. Bd3 Nd7 20. Rhd1
Nc5 21. Bb1 Na4 22. e4 Nf4 23. Bg3 Nh5 24. Rxc8 Rxc8 25. Rd2 Nxg3 26. hxg3
e5 27. Nf5 Kf8 28. Bc2 Nc5 29. b4 Ne6 30. Bb3 Nd4 31. Nxd4 exd4 32. Rxd4 Rc3
33. Bxf7 Rxa3 34. Rd7 Bc6 35. Rc7 Bb5 36. Bd5 Ra4 37. Rf7+ Ke8 38. Rxg7 Rxb4
39. f4 a5 40. Ra7 Bc4 41. Bxc4 Rxc4 42. Kf3 a4 43. f5 b5 44. e5 Rc3+ 45. Ke4
a3 46. f6 b4 47. e6 Rc8 48. Rh7 Kd8 49. Rh8+ Kc7 50. Rxc8+ Kxc8 51. f7 Kc7
52. f8=Q a2 53. Qa8 b3 54. e7 h5 55. e8=Q a1=Q 56. Qec6# {Black checkmated}
1-0

[Event "ICC Open 2015"]
[Site "Internet Chess Club"]
[Date "2015.05.30"]
[Round "5"]
[White "ElMarginal"]
[Black "paulohaddad"]
[Result "1-0"]
[ICCResult "Black resigns"]
[WhiteElo "1480"]
[BlackElo "1763"]
[Opening "Dunst (Sleipner, Heinrichsen) opening"]
[ECO "A00"]
[NIC "VO.15"]
[Time "19:42:18"]
[TimeControl "180+0"]

1. Nc3 c5 2. Nf3 d5 3. d4 e6 4. Bf4 Nf6 5. e3 Nc6 6. Nb5 e5 7. Nxe5 Ne4 8.
Nxc6 bxc6 9. Nc7+ Ke7 10. Nxa8 Qa5+ 11. c3 cxd4 12. exd4 Nxc3 13. bxc3 Qxc3+
14. Bd2 Qxd4 15. Be2 Kd7 16. O-O Bd6 17. Bg4+ Ke8 18. Bxc8 f6 19. Re1+ Kf7
20. Be6+ Kf8 21. Be3 Qe5 22. Bxa7 Qxh2+ 23. Kf1 Qh1+ 24. Ke2 Qxg2 25. Qc2 g6
26. Bc5 Bxc5 27. Qxc5+ Kg7 28. Qe7+ Kh6 29. Rh1+ Kg5 30. Rag1 {Black
resigns} 1-0

[Event "ICC Open 2015"]
[Site "Internet Chess Club"]
[Date "2015.05.30"]
[Round "5"]
[White "Ramanip15"]
[Black "a-rubinstein"]
[Result "0-1"]
[ICCResult "White resigns"]
[WhiteElo "1884"]
[BlackElo "2149"]
[Opening "Sicilian: dragon, Yugoslav attack, 9.Bc4"]
[ECO "B77"]
[NIC "SI.18"]
[Time "19:42:00"]
[TimeControl "180+0"]

1. e4 c5 2. Nf3 d6 3. Nc3 Nf6 4. d4 cxd4 5. Nxd4 g6 6. Be3 Bg7 7. f3 O-O 8.
Qd2 Nc6 9. Bc4 Ne5 10. Bb3 Bd7 11. O-O-O Rc8 12. h4 Nc4 13. Bxc4 Rxc4 14. h5
Nxh5 15. g4 Nf6 16. Bh6 Nxe4 17. Qe3 Rxc3 18. bxc3 Nf6 19. Bxg7 Kxg7 20. Rh2
Qa5 21. Nb3 Qa3+ 22. Kb1 Be6 23. Rdh1 Rc8 24. Rxh7+ Nxh7 25. Qh6+ Kf6 26.
Qf4+ Kg7 27. Qh6+ Kf6 28. Qxh7 Bxb3 29. cxb3 Qc5 30. Qh4+ Qg5 31. Qf2 Rxc3
32. f4 Qc5 33. Qb2 e5 34. fxe5+ dxe5 35. Rf1+ Kg7 36. g5 Qe3 37. b4 Qd3+ 38.
Ka1 Qxf1+ {White resigns} 0-1

[Event "ICC Open 2015"]
[Site "Internet Chess Club"]
[Date "2015.05.30"]
[Round "5"]
[White "ibarra"]
[Black "Bagelhead"]
[Result "1-0"]
[ICCResult "Black forfeits on time"]
[WhiteElo "2727"]
[BlackElo "2365"]
[Opening "Four knights: Scotch, 4...exd4"]
[ECO "C47"]
[NIC "KP.06"]
[Time "19:42:09"]
[TimeControl "180+0"]

1. e4 e5 2. Nf3 Nc6 3. Nc3 Nf6 4. d4 exd4 5. Nxd4 Bb4 6. Nxc6 bxc6 7. Bd3
O-O 8. O-O Re8 9. Bg5 h6 10. Bh4 Be7 11. Bg3 Rb8 12. e5 Nd5 13. Nxd5 cxd5
14. b3 d6 15. f4 dxe5 16. fxe5 Be6 17. Qh5 Bc5+ 18. Kh1 Qg5 19. Qf3 Rf8 20.
h3 c6 21. Rae1 Bb4 22. Re2 c5 23. Kh2 Rbd8 24. Bf4 Qh4 25. Bg3 Qg5 26. Ref2
c4 27. bxc4 dxc4 28. Be4 Bc5 29. Re2 Rd7 30. c3 Rfd8 31. Rfe1 Qe7 32. Bc2
Rd2 33. Qe4 g6 34. Bh4 Qd7 35. Bxd8 Qxd8 36. Qf4 Rxe2 37. Rxe2 Qd5 38. Rd2
Qa8 39. Bxg6 fxg6 40. Qf6 {Black forfeits on time} 1-0

[Event "ICC Open 2015"]
[Site "Internet Chess Club"]
[Date "2015.05.30"]
[Round "5"]
[White "harolika"]
[Black "Ohanessian"]
[Result "1-0"]
[ICCResult "Black checkmated"]
[WhiteElo "1876"]
[BlackElo "2044"]
[Opening "Dutch: Staunton gambit, Staunton's line"]
[ECO "A83"]
[NIC "HD.11"]
[Time "19:42:38"]
[TimeControl "180+0"]

1. d4 f5 2. e4 fxe4 3. Nc3 Nf6 4. Bg5 Nc6 5. d5 Ne5 6. Qe2 d6 7. Bxf6 exf6
8. Nxe4 f5 9. f4 fxe4 10. fxe5 dxe5 11. Qxe4 Bd6 12. Bd3 Qg5 13. Nf3 Qh6 14.
Bb5+ Ke7 15. Nxe5 Be6 16. dxe6 Bxe5 17. Qxe5 Qh4+ 18. g3 Qb4+ 19. c3 Qxb2
20. O-O Rhf8 21. Qxc7+ Kxe6 22. Bc4# {Black checkmated} 1-0

[Event "ICC Open 2015"]
[Site "Internet Chess Club"]
[Date "2015.05.30"]
[Round "5"]
[White "cristoforo"]
[Black "lemanofzorn"]
[Result "1-0"]
[ICCResult "Black forfeits on time"]
[WhiteElo "1458"]
[BlackElo "1417"]
[Opening "Queen's pawn game"]
[ECO "D00"]
[NIC "QP.08"]
[Time "19:41:36"]
[TimeControl "180+0"]

1. d4 d5 2. e3 c6 3. f4 Nf6 4. Nd2 Bg4 5. Ngf3 e6 6. Bd3 Bd6 7. O-O O-O 8.
c3 c5 9. h3 Bh5 10. Qe1 cxd4 11. exd4 Bxf4 12. Nh4 Bg5 13. Ndf3 Bxh4 14.
Nxh4 Ne4 15. Bxe4 dxe4 16. Qxe4 Nc6 17. Qe1 Re8 18. Qg3 e5 19. Bh6 Bg6 20.
Nxg6 fxg6 21. Bg5 Qd6 22. Rad1 exd4 23. Bf4 Qc5 24. cxd4 Nxd4 25. Be3 Rxe3
26. Qxe3 Rd8 27. Rxd4 Qxd4 28. Qxd4 Rxd4 29. Rc1 Rd7 30. Rc2 Kf7 31. Kf2 g5
32. Kf3 h5 33. b4 Ke6 34. a3 Rd3+ 35. Ke4 Rxa3 36. Rc5 Ra4 37. Rxg5 Rxb4+
38. Kd3 Kf6 39. Rxh5 a6 40. Rd5 Rb1 41. Kc2 Rg1 42. Rd2 b5 43. Kb3 a5 44.
Rd6+ Ke5 45. Rb6 Rxg2 46. Rxb5+ Ke6 47. Rxa5 Rg3+ 48. Kc4 Rxh3 49. Ra6+ Kf5
50. Ra7 g5 51. Rf7+ Ke4 52. Rf1 Rh2 53. Rg1 Kf4 54. Kd4 g4 55. Rf1+ Kg3 56.
Rg1+ Rg2 57. Rc1 Kf3 58. Rc3+ Kf2 59. Rc2+ {Black forfeits on time} 1-0

[Event "ICC Open 2015"]
[Site "Internet Chess Club"]
[Date "2015.05.30"]
[Round "5"]
[White "Neurisdr"]
[Black "isodung"]
[Result "1/2-1/2"]
[ICCResult "Game drawn because neither player has mating material"]
[WhiteElo "2873"]
[BlackElo "2813"]
[Opening "Caro-Kann: advance variation"]
[ECO "B12"]
[NIC "CK.02"]
[Time "19:41:44"]
[TimeControl "180+0"]

1. e4 c6 2. d4 d5 3. e5 c5 4. dxc5 Nc6 5. Nf3 Bg4 6. c3 e6 7. b4 Bxf3 8.
Qxf3 Nxe5 9. Qg3 Nc6 10. Bd3 Nf6 11. Nd2 a6 12. O-O g6 13. Nf3 Bg7 14. Nd4
O-O 15. Be3 e5 16. Nxc6 bxc6 17. Qxe5 Ne4 18. Qf4 Nxc3 19. a3 Nb5 20. Ra2
Re8 21. h3 Be5 22. Qg4 Qc8 23. Qxc8 Raxc8 24. a4 Nc7 25. Rb1 Rb8 26. Bd2 Rb7
27. Rc2 Reb8 28. Kf1 Kg7 29. f4 Bf6 30. g4 h6 31. Kf2 Bh4+ 32. Kg2 Bf6 33.
g5 hxg5 34. fxg5 Bd4 35. Bf4 Ra8 36. h4 Ne6 37. Bd6 Rba7 38. b5 axb5 39.
axb5 cxb5 40. c6 Ra2 41. Rxa2 Rxa2+ 42. Kh1 Bb6 43. Rxb5 Ra1+ 44. Kg2 Ra2+
45. Kf1 Ra1+ 46. Kg2 Ra2+ 47. Kf1 Ra1+ 48. Rb1 Rxb1+ 49. Bxb1 Bc7 50. Bb4
Bg3 51. Be1 Bxe1 52. Kxe1 Kf8 53. Ba2 Nc7 54. Kd2 Ke7 55. Kd3 Kd6 56. Ke3
Kxc6 57. Kf4 Kd6 58. Bb3 Ne6+ 59. Kg4 Ke5 60. h5 gxh5+ 61. Kxh5 Nd4 62. Bxd5
Kxd5 63. g6 fxg6+ 64. Kxg6
{Game drawn because neither player has mating material}
1/2-1/2